 Dungeon Crawl Stone Soup version 0.30-a0-424-g7412bad402 (webtiles) character file.

Game seed: 17862374952778771024

46 Zonian the Magician (level 3, 22/25 HPs)
             Began as a Djinni Ice Elementalist on Dec 10, 2022.
             Was a Follower of Okawaru.
             Quit the game on level 2 of the Dungeon.
             The game lasted 00:02:05 (1163 turns).

Zonian the Magician (Djinni Ice Elementalist)       Turns: 1163, Time: 00:02:05

Health: 22/25      AC:  3    Str:  7    XL:     3   Next: 95%
Gold:   105        EV: 12    Int: 18    God:    Okawaru [*.....] SH:  0 Dex: 13

rFire   + + .      SeeInvis .    (no weapon)
rCold   x . .      Faith    .    (no shield)
rNeg    . . .      Spirit   .    a - +0 robe
rPois   ∞          Reflect  .    (no helmet)
rElec   .          Harm     .    (no cloak)
rCorr   .          Rampage  .    e - +0 pair of gloves
Will    .....                    (boots unavailable)
Stlth   ++........               (no amulet)
HPRegen 0.24/turn                (no ring)
MPRegen 0.00/turn                (no ring)

@: flying
A: sickness immunity, fire resistance 2, cold vulnerability 1, float, innate
caster, HP casting, extra vitality 1
a: Renounce Religion, Heroism


You were on level 2 of the Dungeon.
You worshipped Okawaru.
Okawaru was aware of your devotion.
You visited 1 branch of the dungeon, and saw 2 of its levels.

You collected 105 gold pieces.

Inventory:

Hand Weapons
 b - a +0 sling
Armour
 a - a +0 robe (worn)
 e - a +0 pair of gloves (worn)
Jewellery
 c - a ring of fire
Potions
 d - 3 potions of heal wounds {unknown}
 f - a potion of invisibility {unknown}
 g - a potion of lignification {unknown}
 h - a potion of attraction {unknown}


   Skills:
 + Level 3.0 Dodging
 + Level 2.3 Stealth
 + Level 3.6 Spellcasting


You couldn't memorise any spells.
You knew the following spells:

 Your Spells              Type           Power      Damage    Failure   Level
a - Freeze                Ice            64%        1d7       3%          1
b - Frozen Ramparts       Ice            32%        1d5       11%         3
c - Ozocubu's Armour      Ice            16%        N/A       11%         3
d - Summon Ice Beast      Ice/Summ       16%        N/A       34%         4
e - Kiss of Death         Conj/Necr      64%        2d10      3%          1
Your spell library was empty.

Dungeon Overview and Level Annotations

Branches:
Dungeon (2/15)

Altars:
Okawaru


Innate Abilities, Weirdness & Mutations

You are immune to sickness and miasma.
You are immune to poison.
Your flesh is very heat resistant. (rF++)
You are vulnerable to cold. (rC-)
You float through the air rather than walking.
You learn spells naturally, not from books.
Your magical power is your life essence.
You have superior vitality. (+4 MHP)


Message History

You now have 105 gold pieces (gained 15).
h - a blue potion An adder comes into view.
Unknown command.
You freeze the adder.
The adder hisses angrily.
The adder is heavily wounded.
The adder barely misses you.
You freeze the adder!
You kill the adder!
Okawaru accepts your kill.
Your Dodging skill increases to level 3!
Unknown command.
You see here an adder corpse.
A frilled lizard and a ball python come into view.
Found a pair of gloves.
Found a stone staircase leading down.
There are monsters nearby!
Unknown command.
The ball python hisses angrily.
The frilled lizard hisses angrily.
You hit the ball python.
The ball python is moderately wounded.
The ball python closely misses you. The ball python grabs you.
The ball python constricts you.
You closely miss the ball python.
The ball python is moderately wounded.
The ball python bites you but does no damage.
The ball python constricts you.
You freeze the ball python.
You kill the ball python!
Okawaru accepts your kill. The frilled lizard bites you.
You freeze the frilled lizard.
You kill the frilled lizard!
Okawaru accepts your kill.
You can't see any susceptible monsters within range! (Use Z to cast anyway.) Unknown command.
Found 26 gold pieces.
You see here a ball python corpse.
You see here a +0 pair of gloves.
Are you sure you want to abandon this character and quit the game? (Confirm with "yes".)

########.. #......$.
#...>.... #######
#$....... ######.....[
#.......# ##......#....
#.......####............
#........##.............
#......@†.#.>...........
#########...............
###.............
#.............
##.............
#.............†
#########
#.##......#....
........#
#..######.###..
........# ##...# #.#####


There were no monsters in sight!

Vanquished Creatures
  An adder (D:2)
  8 endoplasms
  2 giant cockroaches (D:1)
  5 goblins
  3 hobgoblins
  2 quokkas (D:1)
  4 ball pythons
  3 bats
  3 frilled lizards
  A kobold (D:1)
  A rat (D:1)
33 creatures vanquished.

Notes
Turn   | Place    | Note
-------+----------+-------------------------------------------
     0 | D:1      | Zonian the Djinni Ice Elementalist began the quest for the
                  | Orb.
     0 | D:1      | Zonian set off with the following spells memorised: Freeze,
                  | Frozen Ramparts, Ozocubu's Armour, Summon Ice Beast.
     0 | D:1      | Reached XP level 1. HP: 15/15 MP: 0/0
   159 | D:1      | Reached XP level 2. HP: 19/21 MP: 0/0
   469 | D:1      | Reached XP level 3. HP: 24/25 MP: 0/0
   469 | D:1      | Learned a level 1 spell: Kiss of Death
  1022 | D:2      | Found a faded altar of an unknown god.
  1029 | D:2      | Prayed at the altar of an unknown god.
  1029 | D:2      | Became a worshipper of Warmaster Okawaru
  1029 | D:2      | Reached * piety under Okawaru
  1163 | D:2      | Quit the game

Illustrated notes

Levels and vault maps discovered:
D:1:      dpeg_arrival_simpleton_c, layout_loops_ring, grunt_decor_fettered
D:2:      layout_rooms, hellmonk_ecumenical_altar_slurped_away

Skill      XL: |  1  2  3 |
---------------+----------+-----
Stealth        | 2 |  2.3
Dodging        | 3 |  3.0
Spellcasting   | |  3.6

Action                   || total
-------------------------++-------
Melee: Unarmed           ||    24
       Punch             ||     1
 Cast: Freeze            ||    46
  Use: Scroll            ||     2
 Stab: Sleeping          ||     2
Armor: Robe              ||    13
Dodge: Dodged            ||    51

Table legend: (Time is in decaauts)
 A = Elapsed time spent in this place.
 B = Non-inter-level travel time spent in this place.
 C = Inter-level travel time spent in this place.
 D = Time resting spent in this place.
 E = Time spent auto-exploring this place.
 F = Levels seen in this place.
 G = Mean time per level.
                   A        B        C        D        E       F      G
               +--------+--------+--------+--------+--------+-----+--------+
         Total |   1162 |   1123 |     39 |      0 |    890 |   2 |  581.0 |
       Dungeon |   1162 |   1123 |     39 |      0 |    890 |   2 |  581.0 |
               +--------+--------+--------+--------+--------+-----+--------+

Top non-repeatable levels by time:
     D:1: 913 daAuts
     D:2: 249 daAuts
